 Dungeon Crawl Stone Soup version 0.28-a0-852-gbbce81c95b (webtiles) character file.

Game seed: 13987201112830534036

4175 Decritt the Fighter (level 10, -3/94 HPs)
             Began as a Minotaur Fighter on Nov 14, 2021.
             Was an Initiate of Gozag.
             Slain by Snorg (5 damage)
             ... on level 10 of the Dungeon on Nov 15, 2021.
             The game lasted 00:28:39 (10972 turns).

Decritt the Fighter (Minotaur Fighter)             Turns: 10972, Time: 00:28:40

Health: -3/94      AC: 17    Str: 23    XL:     10   Next: 8%
Magic:  9/9        EV:  8    Int:  5    God:    Gozag
Gold:   555        SH: 10    Dex: 11    Spells: 9/9 levels left

rFire   . . .      SeeInvis .   E - +3 war axe (freeze)
rCold   . . .      Faith    .   c - +0 buckler
rNeg    + . .      Spirit   .   C - +0 plate armour
rPois   .          Reflect  +   (helmet restricted)
rElec   .          Harm     .   v - +0 cloak
rCorr   .          Rampage  .   t - +1 pair of gloves {archery}
Will    .....                   (no boots)
Stlth   ..........              q - amulet of reflection
HPRegen 0.25/turn               j - ring of positive energy
MPRegen 0.11/turn               (no ring)

@: no status effects
A: horns 2, retaliatory headbutt
a: Renounce Religion, Potion Petition, Call Merchant, Bribe Branch


You were on level 10 of the Dungeon.
You worshipped Gozag.
Gozag was pleased with you.
You visited 2 branches of the dungeon, and saw 11 of its levels.

You collected 689 gold pieces.
You paid 134 gold pieces to Gozag.

Inventory:

Hand Weapons
 a - a +0 war axe
 E - a +3 war axe of freezing (weapon)
Missiles
 k - 57 poisoned darts (quivered)
 D - a curare-tipped dart
 F - 5 javelins
Armour
 c - a +0 buckler (worn)
 t - a +1 pair of gloves of archery (worn)
 v - a +0 cloak (worn)
 z - a +0 chain mail
 C - a +0 plate armour (worn)
Jewellery
 j - a ring of positive energy (left hand)
 o - an amulet of regeneration
 q - an amulet of reflection (around neck)
 I - a ring of ice
Wands
 r - a wand of flame (11)
 y - a wand of acid (19)
Scrolls
 e - a scroll of acquirement {unknown}
 f - 7 scrolls of teleportation
 g - a scroll of enchant armour
 i - a scroll of fear
 l - 2 scrolls of holy word
 m - 2 scrolls of magic mapping
 p - a scroll of fog
 w - a scroll of amnesia {unknown}
 x - a scroll of immolation {unknown}
Potions
 b - 2 potions of brilliance
 d - 2 potions of might
 h - a potion of attraction {unknown}
 n - 4 potions of flight
 s - 5 potions of curing
 u - 2 potions of haste {unknown}
 A - a potion of cancellation {unknown}
 B - 3 potions of lignification
 G - a potion of magic {unknown}
 H - a potion of mutation {unknown}


   Skills:
 + Level 10.4 Fighting
 + Level 10.0 Axes
 + Level 1.3 Throwing
 + Level 7.5 Armour
 + Level 5.5 Dodging
 - Level 4.5 Shields
 - Level 3.3 Evocations


You had 9 spell levels left.
You didn't know any spells.
Your spell library contained the following spells:

 Spells                   Type           Power      Damage    Failure   Level
 Foxfire                  Conj/Fire      0%         2x1d4     100%        1
 Freeze                   Ice            0%         1d3       100%        1
 Ensorcelled Hibernation  Hex/Ice        0%         N/A       100%        2
 Conjure Flame            Conj/Fire      0%         6-21      100%        3
 Frozen Ramparts          Ice            0%         1d2       100%        3
 Inner Flame              Hex/Fire       0%         N/A       100%        3
 Tukima's Dance           Hex            0%         N/A       100%        3
 Flame Wave               Conj/Fire      0%         3d3       100%        4
 Hailstorm                Conj/Ice       0%         3d3       100%        4


Dungeon Overview and Level Annotations

Branches:
Dungeon (10/15)            Temple (1/1) D:7
   Lair: D:8-11         Orc: D:9-12

Altars:
Ashenzari
Dithmenos
Elyvilon
Fedhas
Gozag
Hepliaklqana
Kikubaaqudgha
Makhleb
Nemelex Xobeh
Okawaru
Qazlal
Ru
Sif Muna
Trog
Uskayaw
Vehumet
Wu Jian
Xom
Yredelemnul
Zin
The Shining One

Shops:
D:2 ?

Annotations:
D:10 Snorg


Innate Abilities, Weirdness & Mutations

You have a pair of horns on your head.
You reflexively headbutt those who attack you in melee.


Message History

You throw a poisoned dart. The poisoned dart hits Snorg.
Snorg is lightly wounded.
Snorg goes berserk!
You throw a poisoned dart. The poisoned dart barely misses Snorg.
You block Snorg's attack. x3
Snorg barely misses you. Snorg claws you but does no damage. x2
Snorg bites you! Snorg claws you but does no damage. Snorg claws you!
You slash Snorg! You freeze Snorg!
Snorg is lightly wounded.
Snorg bites you. You block Snorg's attack. Snorg barely misses you.
You slash Snorg! You freeze Snorg. Your headbutt misses Snorg.
Snorg is moderately wounded.
Snorg bites you. You block Snorg's attack. Snorg claws you but does no damage.
Snorg bites you but does no damage. Snorg claws you.
Snorg claws you but does no damage.
You slice Snorg!! You freeze Snorg! Your headbutt misses Snorg.
Snorg is heavily wounded.
You block Snorg's attack. Snorg closely misses you. Snorg claws you.
You slice Snorg!! You freeze Snorg.
Snorg is severely wounded.
Snorg bites you!
* * * LOW HITPOINT WARNING * * *
You block Snorg's attack. Snorg claws you!
* * * LOW HITPOINT WARNING * * *
Snorg bites you.
* * * LOW HITPOINT WARNING * * *
Snorg closely misses you. You block Snorg's attack.
You hit Snorg. You freeze Snorg.
Snorg is severely wounded.
Snorg bites you!
* * * LOW HITPOINT WARNING * * *
Snorg barely misses you. Snorg completely misses you.
You completely miss Snorg.
Snorg is severely wounded.
Snorg closely misses you. You furiously retaliate!
You headbutt Snorg. Snorg claws you!
* * * LOW HITPOINT WARNING * * *
Snorg claws you.
You die...
Your body crumbles into a pile of gold.

(######....§#§§§# #.#
..((.......#.#§#§### #.##
....(....#.§§§§.§§.#######...
.........#.#§#.#§#§..........
#..#.§#§§§#............
#..#...#§#..§......####
##..#'###....§......#
#...............(..##
#.....T@...........#
#...........####....####
##...########..#........ $ $
#...#.........#......... $$
#...#.........'......... $ $
#...#...#####.'......... $ $
#...#...# #.#......###


$$$$ #...# #.#......# #...# #.#......# You could see Snorg (berserk, poisoned).

Vanquished Creatures
  A kobold demonologist (D:5)
  A hornet (D:8)
  A wraith (D:9)
  2 acid dragons (D:9)
  2 water moccasins
  2 orc warriors
  An ice beast (D:6)
  4 sky beasts
  A black bear (D:5)
  A necrophage (D:7)
  4 ogres
  3 centaurs
  A phantom (D:4)
  A kobold brigand (D:7)
  2 bullfrogs (D:8)
  A gnoll sergeant (D:5)
  A scorpion (D:6)
  10 wights
  3 howler monkeys (D:8)
  A lava snake (D:8)
  A centaur zombie (D:6)
  3 hounds
  A jelly (D:7)
  A centaur skeleton (D:7)
  6 orc priests
  A bullfrog skeleton (D:4)
  An iguana (D:4)
  7 orc wizards
  A hound skeleton (D:4)
  3 gnolls (D:5)
  3 howler monkey skeletons
  5 adders
  A white imp (D:7)
  An ufetubus (D:6)
  6 worms
  2 dart slugs (D:1)
  17 orcs
  5 bats
  7 endoplasms
  2 giant cockroaches
  8 goblins
  8 hobgoblins
  9 jackals
  A quokka (D:2)
  5 ball pythons
  A frilled lizard (D:2)
  9 kobolds
  11 rats
169 creatures vanquished.

Vanquished Creatures (others)
  An orc wizard (D:6)
  A plant (D:2)
2 creatures vanquished.

Grand Total: 171 creatures vanquished

Notes
Turn   | Place    | Note
-------+----------+-------------------------------------------
     0 | D:1      | Decritt the Minotaur Fighter began the quest for the Orb.
     0 | D:1      | Reached XP level 1. HP: 19/19 MP: 0/0
   132 | D:1      | Reached XP level 2. HP: 27/27 MP: 1/1
   454 | D:1      | Reached XP level 3. HP: 33/33 MP: 2/2
   893 | D:2      | Found a faded altar of an unknown god.
  1191 | D:2      | Found a shimmering altar of Xom.
  1300 | D:2      | Found Uriman's Magic Scroll Shoppe.
  1323 | D:2      | Reached XP level 4. HP: 41/41 MP: 3/3
  2042 | D:3      | Found a blossoming altar of Fedhas.
  2271 | D:3      | Reached skill level 5 in Fighting
  2652 | D:4      | Noticed a phantom
  2654 | D:4      | Reached XP level 5. HP: 44/48 MP: 4/4
  2674 | D:4      | Killed a phantom
  2675 | D:4      | Reached skill level 1 in Dodging
  3020 | D:4      | Reached XP level 6. HP: 54/57 MP: 5/5
  3022 | D:4      | Reached skill level 5 in Axes
  3554 | D:3      | Upgraded the game from 0.28-a0-850-g09de17f5b5 to
                  | 0.28-a0-852-gbbce81c95b
  4038 | D:5      | Entered Level 5 of the Dungeon
  4069 | D:5      | Reached XP level 7. HP: 45/64 MP: 6/6
  4848 | D:5      | Noticed a kobold demonologist
  4854 | D:5      | Killed a kobold demonologist
  4855 | D:5      | Reached XP level 8. HP: 75/75 MP: 7/7
  5527 | D:6      | Reached skill level 1 in Evocations
  5899 | D:6      | Reached skill level 5 in Armour
  6192 | D:6      | Reached XP level 9. HP: 35/83 MP: 8/8
  6969 | D:6      | Found a sparkling altar of Nemelex Xobeh.
  7651 | D:7      | Found a staircase to the Ecumenical Temple.
  7661 | Temple   | Entered the Ecumenical Temple
  8380 | D:7      | Found a basalt altar of Yredelemnul.
  8577 | D:7      | Found an opulent altar of Gozag.
  8581 | D:7      | Became a worshipper of Gozag Ym Sagoz the Greedy
  8590 | D:7      | Found a sacrificial altar of Ru.
  8743 | D:8      | Found a hide-covered altar of Uskayaw.
  8801 | D:8      | Reached skill level 10 in Fighting
  9042 | D:8      | Paralysed by a hornet for 1 turns
  9046 | D:8      | Reached skill level 5 in Dodging
 10135 | D:9      | Reached skill level 1 in Throwing
 10135 | D:9      | Reached XP level 10. HP: 76/94 MP: 9/9
 10728 | D:9      | Reached skill level 10 in Axes
 10903 | D:10     | Entered Level 10 of the Dungeon
 10923 | D:10     | Found a shadowy altar of Dithmenos.
 10955 | D:10     | Noticed Snorg
 10972 | D:10     | HP: 2/94 [Snorg (10)]
 10972 | D:10     | Slain by Snorg

Illustrated notes

Levels and vault maps discovered:
D:1:      minmay_arrival_doors, layout_basic, chequers_jeans,
          minmay_split_cup_small
D:2:      layout_basic, shapermc_ecumenical_altar_mp_urbaneastern, basic_altar,
          serial_shops, nicolae_shop_behind_doors, serial_glass,
          glass_columns_a, glass_columns_c, glass_columns_a, glass_columns_a,
          glass_columns_b, glass_columns_a, glass_columns_c, glass_columns_c,
          glass_columns_a, glass_columns_b, glass_columns_b, glass_columns_c,
          glass_columns_a, glass_columns_a
D:3:      layout_basic, fedhas_altar_1, ebering_dispersal_statue_hall
D:4:      layout_basic, serial_glass, glass_columns_a, glass_columns_a,
          glass_columns_a, glass_columns_c, glass_columns_b, glass_columns_a,
          item_on_display_a, feat_on_display, feat_on_display,
          dk_rats_in_the_wall
D:5:      layout_loops_ring
D:6:      layout_basic, lemuel_tele_altar, kennysheep_generic_room_12
D:7:      layout_gridville, mainiacjoe_overflow_brackets,
          amethyst_overflow_temple_binary, temple_statues
D:8:      layout_basic, nicolae_uskayaw_suspiria, mrwooster_statue_mirror
D:9:      layout_loops_cross, kennysheep_crisscross
D:10:     layout_irregular_city, overflow_temple_1_default,
          grunt_dithmenos_smoke_and_mirrors, ebering_ghost_gozag, uniq_snorg
Temple:   eino_temple_water

Skill      XL: |  1  2  3  4  5  6  7  8  9 10 |
---------------+-------------------------------+-----
Fighting       | 4 5 6 8 9 10 | 10.4
Axes           | 3 4 5 7 8 9 10 | 10.0
Shields        | 4 |  4.5
Armour         | 4 5 7 |  7.5
Dodging        | 1 2 4 5 |  5.5
Evocations     | 2 3 |  3.3
Throwing       | 1 |  1.3

Action                   |  1- 3 |  4- 6 |  7- 9 | 10-12 || total
-------------------------+-------+-------+-------+-------++-------
Melee: War axe           |    88 |   117 |   231 |    15 ||   451
       Headbutt          |    14 |    14 |    52 |     3 ||    83
       Unarmed           |       |       |     9 |       ||     9
Throw: Dart              |     6 |       |    43 |    10 ||    59
  Use: Scroll            |       |       |    10 |       ||    10
Armor: Scale mail        |    40 |    34 |    30 |       ||   104
       Chain mail        |       |       |    26 |       ||    26
       Plate armour      |       |       |    29 |     8 ||    37
       Skin              |       |       |     6 |       ||     6
Dodge: Dodged            |    37 |    26 |    82 |     9 ||   154
Block: Buckler           |    18 |    48 |    93 |    13 ||   172
       Reflection        |       |       |     7 |       ||     7
       Other             |       |       |     7 |       ||     7

Table legend: (Time is in decaauts)
 A = Elapsed time spent in this place.
 B = Non-inter-level travel time spent in this place.
 C = Inter-level travel time spent in this place.
 D = Time resting spent in this place.
 E = Time spent auto-exploring this place.
 F = Levels seen in this place.
 G = Mean time per level.
                   A        B        C        D        E       F      G
               +--------+--------+--------+--------+--------+-----+--------+
         Total |  11048 |  10750 |    298 |   1883 |   7167 |  11 | 1004.4 |
       Dungeon |  10834 |  10556 |    278 |   1883 |   6985 |  10 | 1083.4 |
        Temple |    214 |    194 |     20 |      0 |    182 |   1 |  214.0 |
               +--------+--------+--------+--------+--------+-----+--------+

Top non-repeatable levels by time:
     D:6: 1858 daAuts
     D:7: 1459 daAuts
     D:3: 1431 daAuts
     D:8: 1370 daAuts
     D:4: 1203 daAuts
     D:5: 1157 daAuts
     D:2: 845 daAuts
     D:9: 821 daAuts
     D:1: 618 daAuts
  Temple: 214 daAuts
    D:10: 68 daAuts
